 Dungeon Crawl Stone Soup version 0.21-a0-260-g9b2435e (webtiles) character file.

212 HANFGEIST the Conjurer (level 5, -2/28 HPs)
             Began as a Tengu Conjurer on Sept 7, 2017.
             Splashed by Ijyb's acid (11 damage)
             ... on level 3 of the Dungeon.
             The game lasted 00:06:48 (2795 turns).

HANFGEIST the Conjurer (Tengu Conjurer)             Turns: 2795, Time: 00:06:49

Health: -2/28      AC:  2    Str:  8    XL:     5   Next: 90%
Magic:  11/11      EV: 13    Int: 17    God:
Gold:   165        SH:  0    Dex: 14    Spells: 4/11 levels left

rFire    + . .     SeeInvis .   r - +0 falchion
rCold    . . .     Gourm    .   (no shield)
rNeg     . . .     Faith    .   l - +0 robe
rPois    .         Spirit   .   (helmet restricted)
rElec    .         Reflect  .   (no cloak)
rCorr    .         Harm     .   (no gloves)
MR       .....                  (boots unavailable)
Stlth    ++........             (no amulet)
HPRegen  0.09/turn              e - ring of protection from fire
MPRegen  0.12/turn              (no ring)

@: no status effects
A: beak, talons 3, able to fly 1
a: Fly


You were on level 3 of the Dungeon.
You were not hungry.

You visited 1 branch of the dungeon, and saw 3 of its levels.

You collected 165 gold pieces.

Inventory:

Hand Weapons
 r - a +0 falchion (weapon)
Armour
 l - a +0 robe (worn)
Magical Staves
 v - an uncursed staff of power {unknown}
Jewellery
 e - a ring of protection from fire (left hand)
Scrolls
 a - 2 scrolls of identify {unknown}
 d - a scroll of random uselessness {unknown}
 f - a scroll of fear {unknown}
 g - 3 scrolls of teleportation {unknown}
 h - a scroll of blinking {unknown}
 i - a scroll of remove curse {unknown}
 k - a scroll of amnesia {unknown}
 o - a scroll of enchant armour {unknown}
 s - a scroll of enchant weapon {unknown}
Potions
 j - 3 potions of curing {unknown}
 m - a potion of heal wounds {unknown}
 n - a potion of might {unknown}
 p - a potion of berserk rage {unknown}
 q - a potion of haste {unknown}
Books
 b - a book of Conjurations

   Spells                             Type                      Level
   a - Magic Dart                     Conjuration                  1
   b - Searing Ray                    Conjuration                  2
   c - Dazzling Spray                 Conjuration/Hexes            3
   d - Fulminant Prism                Conjuration/Hexes            4
   e - Force Lance                    Conjuration/Translocation    4
   f - Iskenderun's Mystic Blast      Conjuration                  4
Comestibles
 c - 3 bread rations
 t - a royal jelly
 u - a meat ration


   Skills:
 + Level 3.2 Dodging
 + Level 3.0 Stealth
 - Level 0.2 Unarmed Combat
 * Level 3.5 Spellcasting
 + Level 6.8 Conjurations


You had 4 spell levels left.
You knew the following spells:

 Your Spells              Type           Power        Failure   Level  Hunger
a - Magic Dart            Conj           ####         1%          1    None
b - Searing Ray           Conj           ####..       1%          2    ##.....
c - Force Lance           Conj/Tloc      ##......     36%         4    ####...


Dungeon Overview and Level Annotations

Branches:
Dungeon (3/15)

Altars:

Annotations:
D:3 Ijyb


Innate Abilities, Weirdness & Mutations

You have a beak for a mouth.
You have claws for feet.
You can fly.


Message History

The rat is severely wounded.
Found a meat ration.
You hit the rat.
You kill the rat!
Found 13 gold pieces.
You see here a rat corpse.
You now have 165 gold pieces (gained 13).
Found a scroll labeled YRUIBU VEHUSOTS.
You see here a gnarled glowing staff.
v - a gnarled glowing staff
Casting: Magic Dart
Confirm with . or Enter, or press ? or * to list all spells.
Aiming: Searing Ray
Press: ? - help, Shift-Dir - straight line, f - Ijyb
Aim: Ijyb, wielding a club and wearing a chain mail
Okay, then.
Ijyb zaps a wand.
The bolt of acid hits you!
Ouch! That really hurt!
You are splashed with acid!
The acid burns!
You die...

#.......#.#
#.##...††.#.#
#.....###.#.#
#####g###...#
#.....#### #
#.....#
##.##.....#
#?........#
##...@....#
#....%...#
#........#
#.....####
#.....#
#.....#
#.....#
#....%#


You could see Ijyb.

Vanquished Creatures
  Terence (D:2)
  6 adders
  4 gnolls (D:2)
  An ooze (D:3)
  4 worms (D:2)
  2 dart slugs
  The ghost of Bom the Sneak, a weakling SpEn (D:3)
  3 leopard geckos
  An orc (D:3)
  3 bats
  3 giant cockroaches
  6 goblins
  9 hobgoblins
  2 jackals (D:3)
  3 ball pythons
  A frilled lizard (D:3)
  A jackal skeleton (D:2)
  10 kobolds
  16 rats
77 creatures vanquished.

Notes
Turn   | Place    | Note
-------+----------+-------------------------------------------
     0 | D:1      | HANFGEIST the Tengu Conjurer began the quest for the Orb.
     0 | D:1      | Reached XP level 1. HP: 10/10 MP: 4/4
   142 | D:1      | Reached XP level 2. HP: 15/15 MP: 1/6
   149 | D:1      | Learned a level 2 spell: Searing Ray
   693 | D:1      | Reached skill level 6 in Conjurations
   698 | D:1      | Reached XP level 3. HP: 19/19 MP: 3/7
  1179 | D:2      | Reached XP level 4. HP: 20/24 MP: 0/9
  1692 | D:2      | Learned a level 4 spell: Force Lance
  1997 | D:2      | Gained mutation: You can fly. [Tengu growth]
  1997 | D:2      | Reached XP level 5. HP: 24/28 MP: 2/10
  2184 | D:2      | Noticed Terence
  2190 | D:2      | Killed Terence
  2604 | D:3      | Noticed Bom's ghost (weakling SpEn)
  2636 | D:3      | Killed Bom's ghost
  2779 | D:3      | Found a faded altar of an unknown god.
  2782 | D:3      | Noticed Ijyb
  2795 | D:3      | Splashed by Ijyb's acid

Vault maps used:
D:1:      dpeg_arrival_rhombi, minmay_box_of_dots
D:2:      first_bread, uniq_terence
D:3:      doesnt_xom_only_xom, chequers_ecumenical_altar_simple, uniq_ijyb

Skill      XL: |  1  2  3  4  5 |
---------------+----------------+-----
Conjurations   | 6 |  6.8
Spellcasting   | 3 |  3.5
Dodging        | 3 |  3.2
Stealth        | 3 |  3.0
Unarmed Combat | |  0.2

Action                   |  1- 3 |  4- 6 || total
-------------------------+-------+-------++-------
Melee: Unarmed           |     5 |     3 ||     8
       Peck              |     1 |     4 ||     5
       Punch             |       |     1 ||     1
       Falchion          |       |    20 ||    20
       Kick              |       |     6 ||     6
 Cast: Magic Dart        |    69 |    50 ||   119
       Searing Ray       |     1 |    14 ||    15
 Stab: Sleeping          |       |     3 ||     3
  Eat: Chunk             |     2 |     5 ||     7
Armor: Robe              |     3 |     4 ||     7
Dodge: Dodged            |    15 |    24 ||    39
       Rpst.: Falchion   |       |    10 ||    10

Table legend:
 A = Spawn XP
 B = Non-spawn XP
 C = Spawn XP percentage of total XP
 D = Spawn monster count
 E = Non-spawn monster count
 F = Spawn count percentage of total count
 G = Total turns spent on level
                    A         B        C        D         E        F      G
               +---------+---------+-------+---------+---------+-------+---------
         Total |       0 |     304 |   0.0 |       0 |      77 |   0.0 |  2795
               +---------+---------+-------+---------+---------+-------+---------
           D:1 |       0 |      55 |   0.0 |       0 |      34 |   0.0 |  1117
           D:2 |       0 |     194 |   0.0 |       0 |      29 |   0.0 |  1326
           D:3 |       0 |      55 |   0.0 |       0 |      14 |   0.0 |   352
               +---------+---------+-------+---------+---------+-------+---------
